 Dungeon Crawl Stone Soup version 0.31-a0-1090-gc13cea2 (webtiles) character file.

Game seed: 590507228079684715

1886003 DevouringOne the Wrestler (level 24, 239/239 HPs)
             Began as an Armataur Artificer on Nov 28, 2023.
             Was an Initiate of Gozag.
             Escaped with the Orb
             ... and 3 runes!
             The game lasted 01:26:48 (51648 turns).

DevouringOne the Wrestler (Armataur Artificer)     Turns: 51648, Time: 01:26:49

Health: 239/239    AC: 46    Str: 32    XL:     24   Next: 61%
Magic:  23/23      EV:  9    Int: 11    God:    Gozag
Gold:   3311       SH: 23    Dex: 16    Spells: 23/23 levels left

rFire   + +          +
                       - Unarmed
rCold   + + .        e - +2 kite shield
rNeg    + + +        T - +3 gold dragon scales of the Raven {rPois rF+ rC+ Slay+2 Stlth+}
rPois   +            j - +1 helmet of the Komodo Dragon {Drain rN+ Will+ Dex+3}
rElec   .            X - +0 cloak "Nufov" {rF+ rN+ Dex-4 SInv}
rCorr   +            W - +2 pair of gloves {Dex+3}
SInv    +            I - +4 barding {Fly}
Will    ++...        z - amulet of reflection
Stlth   x              - ring of the Final Decision {Drain +Blink rCorr EV+5 Str+4}
HPRegen 0.59/turn    y - ring "Foaw" {Wiz rF+ rC+ rN+ Dex+3}
MPRegen 0.18/turn

%: reflection, roll, wizardry (x1)
@: flying
A: large, deformed body, tough skin 3, armoured tail, roll 2, long tongue,
iridescent scales 1, clumsy 1, evolution 1
0: Orb of Zot
}: 3/15 runes: serpentine, barnacled, silver
a: Renounce Religion, Evoke Blink, Potion Petition, Call Merchant, Bribe Branch


You escaped.
You worshipped Gozag.
Gozag was most pleased with you.
You visited 10 branches of the dungeon, and saw 48 of its levels.
You visited the Abyss 1 time.
You visited 1 bazaar.
You also visited: Gauntlet.

You collected 24688 gold pieces.
You spent 5084 gold pieces at shops.
You paid 16293 gold pieces to Gozag.

Inventory:

Missiles
 u - 18 curare-tipped darts
 L - 6 throwing nets
Armour
 e - a +2 kite shield (worn)
 j - the +1 helmet of the Komodo Dragon (worn) {Drain rN+ Will+ Dex+3}
   (You acquired it on level 3 of the Dungeon)

   Dex+3:     It affects your dexterity (+3).
   rN+:       It protects you from negative energy.
   Will+:     It increases your willpower.
   Drain:     It drains your maximum health when unequipped.
 I - a +4 barding of flying (worn)
 M - a scarf of resistance
 T - the +3 gold dragon scales of the Raven (worn) {rPois rF+ rC+ Slay+2 Stlth+}
   (You bought it in a shop on level 1 of the Lair of Beasts)

   Slay+2:    It affects your accuracy & damage with ranged weapons and melee
   (+2).
   rF+:       It protects you from fire.
   rC+:       It protects you from cold.
   rPois:     It protects you from poison Stlth+: It makes you more stealthy.
 W - a +2 pair of gloves of dexterity (worn)
 X - the +0 cloak "Nufov" (worn) {rF+ rN+ Dex-4 SInv}
   (You bought it in a shop on level 3 of the Snake Pit)

   Dex-4:     It affects your dexterity (-4).
   rF+:       It protects you from fire.
   rN+:       It protects you from negative energy.
   SInv:      It lets you see invisible.
Jewellery
 x - the ring of the Final Decision (left hand) {Drain +Blink rCorr EV+5 Str+4}
   (You took it off a deep elf elementalist on level 3 of the Elven Halls)

   [ring of evasion]

   EV+5:      It affects your evasion (+5).
   Str+4:     It affects your strength (+4).
   +Blink:    It lets you blink.
   rCorr:     It protects you from acid and corrosion.
   Drain:     It drains your maximum health when unequipped.
 y - the ring "Foaw" (right hand) {Wiz rF+ rC+ rN+ Dex+3}
   (You took it off an orc warrior on level 5 of the Vaults)

   [ring of wizardry]

   Wiz:       It improves your spell success rate.
   Dex+3:     It affects your dexterity (+3).
   rF+:       It protects you from fire.
   rC+:       It protects you from cold.
   rN+:       It protects you from negative energy.
 z - an amulet of reflection (around neck)
Wands
 r - a wand of paralysis (23)
 s - a wand of roots (20)
 t - a wand of quicksilver (30)
 C - a wand of mindburst (43)
 F - a wand of polymorph (29)
 H - a wand of digging (15)
Scrolls
 f - 4 scrolls of immolation
 g - 9 scrolls of noise
 h - 15 scrolls of teleportation
 i - a scroll of fog
 p - 6 scrolls of fear
 D - 14 scrolls of vulnerability
 G - 4 scrolls of blinking
 J - 3 scrolls of amnesia
 N - 3 scrolls of brand weapon
 P - 3 scrolls of poison
 Q - a scroll of torment
 R - 2 scrolls of enchant weapon
 S - a scroll of silence
Potions
 a - 2 potions of cancellation
 b - 4 potions of invisibility
 k - 4 potions of heal wounds
 l - 6 potions of lignification
 m - 7 potions of enlightenment
 n - 3 potions of haste
 o - 3 potions of magic
 q - 6 potions of attraction
 w - 8 potions of curing
 A - 3 potions of mutation
 B - a potion of berserk rage
 E - 4 potions of might
 K - a potion of resistance
 V - 3 potions of brilliance
Miscellaneous
 c - a phantom mirror
 v - a lightning rod (4/4)
 O - a box of beasts


   Skills:
 - Level 24.5 Fighting
 - Level 21.7 Armour
 - Level 0.6 Dodging
 - Level 1.1 Stealth
 + Level 22.1 Shields
 - Level 26.4 Unarmed Combat
 - Level 3.0 Evocations


You had 23 spell levels left.
You didn't know any spells.
Your spell library contained the following spells:

 Spells                   Type           Power      Damage    Failure   Level
 Apportation              Tloc           0%         N/A       73%         1
 Freeze                   Ice            0%         1d3       73%         1
 Magic Dart               Conj           0%         1d3       73%         1
 Necrotise                Necr           0%         1d4       73%         1
 Shock                    Conj/Air       0%         1d3       73%         1
 Slow                     Hex            0%         N/A       73%         1
 Sting                    Tmut/Pois      0%         1d3       73%         1
 Summon Small Mammal      Summ           0%         N/A       73%         1
 Blink                    Tloc           0%         N/A       86%         2
 Call Imp                 Summ           0%         N/A       86%         2
 Cigotuvi's Dreadful Rot  Necr/Pois/Air  0%         N/A       86%         2
 Lesser Beckoning         Tloc           0%         N/A       86%         2
 Momentum Strike          Conj/Tloc      0%         3d8       86%         2
 Poisonous Vapours        Pois/Air       0%         N/A       86%         2
 Scorch                   Fire           0%         2d5       86%         2
 Sublimation of Blood     Necr           0%         N/A       86%         2
 Wereblood                Tmut           0%         N/A       86%         2
 Call Canine Familiar     Summ           0%         N/A       97%         3
 Confusing Touch          Hex            0%         N/A       97%         3
 Frozen Ramparts          Ice            0%         1d1       97%         3
 Gell's Gravitas          Tloc           0%         N/A       97%         3
 Ignite Poison            Fire/Tmut/Pois 0%         N/A       97%         3
 Mephitic Cloud           Conj/Pois/Air  0%         N/A       97%         3
 Ozocubu's Armour         Ice            0%         N/A       97%         3
 Sigil of Binding         Hex            0%         N/A       97%         3
 Stone Arrow              Conj/Erth      0%         3d7       97%         3
 Summon Guardian Golem    Hex/Summ       0%         N/A       97%         3
 Swiftness                Air            0%         N/A       97%         3
 Teleport Other           Tloc           0%         N/A       97%         3
 Vampiric Draining        Necr           0%         2d6       97%         3
 Airstrike                Air            0%         2d(0-16)  100%        4
 Anguish                  Hex/Necr       0%         N/A       100%        4
 Animate Armour           Summ/Erth      0%         N/A       100%        4
 Brom's Barrelling Bould  Conj/Erth      0%         2d3       100%        4
 Cause Fear               Hex            0%         N/A       100%        4
 Flame Wave               Conj/Fire      0%         2d4       100%        4
 Manifold Assault         Tloc           0%         N/A       100%        4
 Olgreb's Toxic Radiance  Pois           0%         N/A       100%        4
 Passage of Golubria      Tloc           0%         N/A       100%        4
 Petrify                  Tmut/Erth      0%         N/A       100%        4
 Sticky Flame             Conj/Fire      0%         2d3       100%        4
 Vhi's Electric Charge    Tloc/Air       0%         N/A       100%        4
 Arcjolt                  Conj/Air       0%         1d10      100%        5
 Fireball                 Conj/Fire      0%         3d3       100%        5
 Freezing Cloud           Conj/Ice/Air   0%         6-21      100%        5
 Irradiate                Conj/Tmut      0%         3d11      100%        5
 Iskenderun's Battlesphe  Conj           0%         2d6       100%        5
 Metabolic Englaciation   Hex/Ice        0%         N/A       100%        5
 Summon Forest            Summ/Tloc      0%         N/A       100%        5
 Conjure Ball Lightning   Conj/Air       0%         3x3d6     100%        6
 Dispersal                Tloc           0%         N/A       100%        6
 Eringya's Noxious Bog    Tmut/Pois      0%         4d6       100%        6
 Summon Cactus Giant      Summ           0%         N/A       100%        6
 Enfeeble                 Hex            0%         N/A       100%        7
 Haunt                    Necr/Summ      0%         N/A       100%        7
 Orb of Destruction       Conj           0%         9d5       100%        7
 Discord                  Hex            0%         N/A       100%        8
 Disjunction              Tloc           0%         N/A       100%        8
 Ignition                 Fire           0%         3d3       100%        8
 Infestation              Necr           0%         N/A       100%        8
 Lehudib's Crystal Spear  Conj/Erth      0%         10d2      100%        8
 Maxwell's Capacitive Co  Air            0%         ∞         100%        8
 Animate Dead             Necr           Unusable   N/A       N/A         4

Dungeon Overview and Level Annotations

Branches:
Dungeon (15/15)            Temple (1/1) D:5            Lair (5/5) D:10
 Shoals (4/4) Lair:2        Snake (4/4) Lair:2        Slime (0/5) Lair:5
    Orc (2/2) D:9             Elf (3/3) Orc:2        Vaults (5/5) D:14
  Crypt (0/3) Vaults:3     Depths (4/4) D:15            Zot (5/5) Depths:4
Gauntlet (visited)

Altars:
Ashenzari
Cheibriados
Dithmenos
Elyvilon
Fedhas
Gozag
Hepliaklqana
Kikubaaqudgha
Makhleb
Nemelex Xobeh
Okawaru
Qazlal
Ru
Sif Muna
Trog
Uskayaw
Vehumet
Wu Jian
Xom
Yredelemnul
Zin
The Shining One
Jiyva

Shops:
D:7 ?   D:10 ?   Orc:1 =   Orc:2 ((**   Elf:1 ?[(   Elf:2 ([   Lair:1 [
Shoals:1 (   Snake:1 [   Snake:3 [![[   Vaults:1 ?   Vaults:2 *   Depths:2 [

Portals:
Hell: Depths:4

Annotations:
D:4 2 transporters, Mandoo's ghost, amateur KoBr
D:5 2 transporters, Menkaure
Lair:4 2 transporters, Nazxanog's ghost, journeyman MiFi
Snake:2 1 runed translucent door, Gyruhu's ghost, adept TrSh
Elf:2 3 runed translucent doors
Zot:1 1 runed translucent door, Gusador's ghost, legendary MiFi


Innate Abilities, Weirdness & Mutations

Armour fits poorly on your strangely shaped body.
You have extremely tough skin. (AC +3)
You have a long armoured tail.
You roll and regenerate health when moving toward enemies. (Rampage Heal)
Your long tongue fully drains potion bottles. (2x potion effects)
You are partially covered in iridescent scales. (AC +2)
You are clumsy. (Dex -2)
You have hidden genetic potential.


Message History

No target in view!
You now have 3311 gold pieces (gained 6).
What level of the Dungeon? (default 1, ? - help)
Things that are here:
a +0 ring mail; a +0 club An Orb Guardian comes into view.
You punch the Orb Guardian!
The Orb Guardian is lightly wounded.
The Orb Guardian closely misses you.
You pummel the Orb Guardian like a punching bag!!!
The Orb Guardian is severely wounded.
You punch the Orb Guardian!
The Orb Guardian is almost dead.
The Orb Guardian closely misses you.
You hit the Orb Guardian.
The Orb Guardian is almost dead.
You block the Orb Guardian's attack.
The Orb Guardian hits you but does no damage.
A Tzitzimitl comes into view.
There is a stone staircase leading up here.
You hit the Orb Guardian.
The Orb Guardian is almost dead.
The Orb Guardian hits you!
You closely miss the Orb Guardian.
The Orb Guardian is almost dead.
You block the Orb Guardian's attack.
You pound the Orb Guardian into fine dust!!!
You kill the Orb Guardian!
You fly upwards.
There is a stone staircase leading down here.
What level of the Dungeon? (default 1, ? - help)
There is a stone staircase leading up here.
You fly upwards.
There is a stone staircase leading down here.
HP restored.
Blink to where?
Press: ? - help, Q - select action, (/) - cycle Dir - move target
As you read the scroll of blinking, it crumbles to dust.
There is a staircase leading out of the dungeon here.
You have escaped!

#.# #.[..§# #.#.##..
#.# #.##.## #.#.##.#
#.# ####'# #.#.##.# #.#
##.# #.#.##.. #.##
##..# #.#.##.# #..#
##)..# #.#.##.#
######....## #.#.....
##......########.#.##.#
#.....@.....'.##.#.##.#
##......#####.##.#..#.#
##....##........#...#.
##...#.#########..###
##..#.#....# #.## #
##.#.#.##.# #..###
#'#.#.##.####...#.
#.#....#..........
#....#..#####.....


There were no monsters in sight!

Vanquished Creatures
  A dread lich (Vaults:5)
  5 orbs of fire (Zot:5)
  Mara (Vaults:3)
  Boris (Vaults:2)
  Vashnia (Snake:4)
  2 pandemonium lords (Zot:3)
  A caustic shrike (Depths:3)
  6 golden dragons
  Norris (Vaults:1)
  A bone dragon (Depths:4)
  Nikola (Elf:3)
  2 electric golems (Zot:5)
  the Enchantress (Depths:1)
  Rupert (D:14)
  A walking crystal tome (Depths:3)
  11 tentacled monstrosities
  11 Orb Guardians
  4 liches
  3 deep elf blademasters (Elf:3)
  A deep elf master archer (Elf:3)
  A walking frostbound tome (Depths:3)
  2 sphinxes (Depths:2)
  A quicksilver dragon (shapeshifter) (Vaults:5)
  A tentacled starspawn (Abyss:3)
  Gastronok (Lair:1)
  Frances (Snake:2)
  4 quicksilver dragons
  5 death cobs
  7 tengu reavers
  7 fire giants
  8 shadow dragons
  A draconian monk (Zot:1)
  2 draconian knights
  A balrug (Depths:4)
  9 frost giants
  9 storm dragons
  6 nagarajas
  An iron dragon (Vaults:5)
  20 vault wardens
  11 deep elf sorcerers
  5 orc warlords
  2 draconian scorchers
  A draconian shifter (Zot:1)
  4 ghost moths
  5 deep elf elementalists
  A ghost moth (shapeshifter) (Vaults:5)
  A demonspawn corrupter (D:3)
  4 formless jellyfish
  2 draconian stormcallers
  5 spriggan defenders
  4 draconian annihilators
  17 ironbound preservers
  5 war gargoyles
  13 stone giants
  15 very ugly things
  7 ironbound thunderhulks
  Nessos (Lair:5)
  4 green draconians (Zot:3)
  2 vampire knights
  5 purple draconians
  3 black draconians
  3 deep elf demonologists
  A dire elephant (D:15)
  Azrael (Elf:2)
  7 yellow draconians
  8 deep elf annihilators
  3 white draconians
  A minotaur (Gauntlet)
  5 red draconians
  7 fire dragons
  15 yaktaur captains
  3 ettins
  4 deep elf death magi
  7 merfolk javelineers (Shoals:4)
  2 blizzard demons
  3 merfolk impalers
  An entropy weaver (Vaults:4)
  10 great orbs of eyes
  13 deep elf high priests
  4 hydras
  2 ogre magi
  An alligator (shapeshifter) (Vaults:5)
  6 ice dragons
  33 vault guards
  Erolcha (D:9)
  2 peacekeepers
  4 rakshasas
  2 salamander tyrants (Snake:4)
  3 spriggan air magi
  A centaur warrior (Vaults:1)
  2 merfolk avatars
  A hell beast (Gauntlet)
  9 anacondas
  2 death knights (Vaults:3)
  2 alligator snapping turtles
  6 boulder beetles
  Erica (D:11)
  6 ironbound frosthearts
  2 catoblepae (Shoals:3)
  11 death yaks
  2 satyrs
  11 two-headed ogres
  2 merfolk aquamancers
  4 deep troll shamans
  Urug (Lair:1)
  2 death scarabs (Gauntlet)
  7 orc high priests
  19 naga warriors
  10 deep troll earth magi
  4 spriggan berserkers
  8 dancing weapons
  2 thrashing horrors
  Nergalle (Lair:1)
  A soul eater (Depths:4)
  13 hell knights
  A shock serpent (shapeshifter) (D:14)
  3 shock serpents
  9 naga sharpshooters
  A sun demon (D:15)
  2 deep elf knights
  5 skysharks
  8 iron trolls (Depths:4)
  4 wretched stars
  A spectral death yak (Gauntlet)
  7 salamander mystics
  A sixfirhy (Depths:4)
  8 sea snakes
  51 deep trolls
  A shadow demon (D:3)
  2 glowing orange brains
  4 arcanists
  2 large abominations
  A lindwurm (shapeshifter) (Depths:4)
  A swamp dragon (Lair:5)
  9 phantasmal warriors
  6 deep elf archers
  21 ironbound convokers
  A kraken simulacrum (Shoals:4)
  10 naga ritualists
  Pikel (D:8)
  4 starcursed masses
  13 orc knights
  11 lindwurms
  12 harpies
  13 deep elf zephyrmancers
  6 necromancers
  25 deep elf pyromancers
  11 mana vipers
  2 wolf spiders
  7 fauns
  5 cyclopes
  18 manticores
  A shining eye (shapeshifter) (Vaults:5)
  2 oklob plants (Lair:4)
  7 ugly things
  A worldbinder (Abyss:2)
  4 orc sorcerers
  13 moths of wrath
  15 salamanders
  10 merfolk sirens
  Joseph (D:7)
  10 vault sentinels
  31 elephants
  A frost giant skeleton (Vaults:3)
  49 black mambas
  3 guardian serpents
  4 water nymphs
  16 naga magi
  2 orange demons
  A rust devil (Zot:3)
  13 cane toads
  3 torpor snails (Lair:1)
  5 smoke demons
  A torpor snail (shapeshifter) (Vaults:5)
  An elf skeleton (Vaults:3)
  A gargoyle (D:11)
  An ice devil (Abyss:3)
  2 kobold demonologists
  13 komodo dragons
  A human zombie (Vaults:3)
  4 rime drakes
  2 efreet (D:13)
  49 yaktaurs
  5 kobold blastminers
  A yaktaur skeleton (Vaults:3)
  4 freezing wraiths
  A human skeleton (Vaults:3)
  10 trolls
  3 ancient zymes (Abyss:2)
  A merfolk (shapeshifter) (Depths:3)
  3 meliai (D:14)
  A tarantella (shapeshifter) (D:14)
  17 merfolk
  3 hornets
  10 wind drakes
  12 polar bears
  A snapping turtle (Shoals:4)
  17 raiju
  21 blink frogs
  6 dream sheep
  A hornet (shapeshifter) (D:14)
  A raiju (shapeshifter) (Elf:1)
  2 glass eyes (Depths:3)
  A spectral black mamba (Gauntlet)
  2 flying skulls (Abyss:2)
  10 slime creatures
  2 air elementals
  A centaur simulacrum (D:14)
  2 shadows (D:11)
  5 spriggans
  12 wyverns
  5 small abominations
  4 wraiths
  9 basilisks
  6 fire elementals
  5 chaos spawn
  10 water elementals
  51 yaks
  A redback (shapeshifter) (Depths:3)
  2 neqoxecs
  6 steam dragons
  10 wargs
  A spectral cane toad (Gauntlet)
  A redback (Vaults:4)
  13 vampire mosquitoes
  An acid dragon (Lair:5)
  21 water moccasins
  53 nagas
  14 two-headed ogre zombies (Orc:1)
  2 human simulacra
  2 swamp drakes (Lair:5)
  17 hell hounds
  A glowing shapeshifter skeleton (Vaults:3)
  7 ice beasts
  3 sky beasts
  11 black bears (Lair:5)
  52 orc warriors
  17 ogres
  3 centaurs
  41 wolves
  A lemure (D:8)
  7 kobold brigands
  A phantom (D:6)
  13 bullfrogs
  7 scorpions
  A glowing shapeshifter simulacrum (Vaults:3)
  8 wights
  Dowan (D:7)
  A killer bee (D:9)
  3 electric eels
  7 howler monkeys
  5 jellies
  37 orc priests
  Crazy Yiuf (D:4)
  2 gnoll boudas
  8 iguanas
  Ijyb (D:4)
  22 orc wizards
  3 sleepcaps
  14 gnolls
  8 adders
  A shadow imp (Abyss:3)
  A worm (D:2)
  A dart slug (D:2)
  107 orcs
  10 ball pythons
  3 bats
  6 endoplasms
  2 giant cockroaches
  5 goblins
  6 hobgoblins
  8 jackals
  5 quokkas
  3 training dummies (Elf:1)
  4 frilled lizards
  27 kobolds
  4 rats
1964 creatures vanquished.

Vanquished Creatures (collateral kills)
  An ancient lich (Zot:5)
  2 Killer Klowns (Zot:5)
  2 golden dragons (Zot:5)
  An electric golem (Zot:5)
  A tentacled monstrosity (Zot:5)
  17 Orb Guardians (Zot:5)
  A quicksilver dragon (Zot:5)
  A draconian stormcaller (Zot:5)
  3 black draconians (Zot:5)
  2 red draconians (Zot:5)
  2 yellow draconians (Zot:5)
  A spriggan (Depths:4)
  3 moths of wrath (Zot:5)
  2 slime creatures (Vaults:1)
  Jeremiah (D:7)
  A hornet (Depths:4)
  A water moccasin (D:9)
  3 orc warriors (D:9)
  An ogre (Orc:2)
  8 killer bees (D:9)
  A jelly (D:7)
  2 orc priests (D:9)
  2 orc wizards
  2 orcs
  A jackal (D:3)
62 creatures vanquished.

Vanquished Creatures (others)
  3 Orb Guardians (Zot:5)
  4 death cobs (Zot:5)
  A draconian stormcaller (Zot:5)
  A formless jellyfish (Shoals:4)
  A white draconian (Zot:5)
  2 yellow draconians (Zot:5)
  A purple draconian (Zot:5)
  A jorogumo (Zot:5)
  A hell knight (Depths:4)
  A salamander (Snake:4)
  A moth of wrath (Zot:5)
  2 ice devils
  A red devil (Zot:3)
  A wraith (D:7)
  Duvessa (D:7)
  A bullfrog (D:8)
  An orc wizard (D:7)
  3 orcs
  A kobold (D:13)
  3 ball lightnings (Zot:3)
  2 starspawn tentacles (Abyss:3)
  6 tentacles (Shoals:4)
39 creatures vanquished.

Grand Total: 2065 creatures vanquished

Notes
Turn   | Place    | Note
-------+----------+-------------------------------------------
     0 | D:1      | DevouringOne the Armataur Artificer began the quest for the
                  | Orb.
     0 | D:1      | Reached XP level 1. HP: 15/15 MP: 1/1
    51 | D:1      | Reached skill level 1 in Fighting
   171 | D:1      | Found a faded altar of an unknown god.
   202 | D:1      | Reached skill level 1 in Unarmed Combat
   240 | D:1      | Reached XP level 2. HP: 20/23 MP: 2/2
   663 | D:2      | Found a stormy altar of Qazlal.
   764 | D:2      | Reached XP level 3. HP: 28/28 MP: 3/3
   867 | D:2      | Reached skill level 2 in Unarmed Combat
  1196 | D:2      | Reached XP level 4. HP: 36/36 MP: 4/4
  1453 | D:3      | Noticed a scorpion
  1458 | D:3      | Killed a scorpion
  1459 | D:3      | Reached skill level 3 in Unarmed Combat
  1459 | D:3      | Reached XP level 5. HP: 42/42 MP: 5/5
  2000 | D:3      | Reached skill level 4 in Unarmed Combat
  2189 | D:3      | Identified a scroll of acquirement
  2212 | D:3      | Acquired the +1 helmet of the Komodo Dragon {Drain rN+
                  | Will+ Dex+3}
  2355 | D:4      | Reached XP level 6. HP: 47/51 MP: 6/6
  2418 | D:4      | Found a runed translucent door.
  2419 | D:4      | Noticed Crazy Yiuf
  2514 | D:4      | Killed Crazy Yiuf
  2579 | D:4      | Found a white marble altar of Elyvilon.
  2579 | D:4      | Found a glowing silver altar of Zin.
  2581 | D:4      | Found a glowing golden altar of the Shining One.
  2862 | D:4      | Found a transporter.
  2866 | D:4      | Found a transporter.
  2905 | D:4      | Identified the +1 dire flail of Embarrassment {venom, rN+
                  | Stlth+}
  2915 | D:4      | Noticed Mandoo's ghost (amateur KoBr)
  3006 | D:4      | Noticed Ijyb
  3014 | D:5      | Entered Level 5 of the Dungeon
  3194 | D:5      | Reached skill level 5 in Unarmed Combat
  3330 | D:5      | Gained mutation: You roll and regenerate health when moving
                  | toward enemies. (Rampage Heal) [Armataur growth]
  3330 | D:5      | Reached XP level 7. HP: 58/58 MP: 7/7
  3421 | D:4      | Killed Ijyb
  3445 | D:5      | Reached skill level 6 in Unarmed Combat
  3523 | D:5      | Found a staircase to the Ecumenical Temple.
  3544 | Temple   | Entered the Ecumenical Temple
  3548 | Temple   | Became a worshipper of Gozag Ym Sagoz the Greedy
  3596 | D:5      | Found an ancient bone altar of Kikubaaqudgha.
  3601 | D:5      | Noticed Menkaure
  3602 | D:5      | Found a basalt altar of Yredelemnul.
  3602 | D:5      | Noticed a wraith
  3664 | D:5      | Found a transporter.
  3670 | D:5      | Found a transporter.
  3691 | D:5      | Noticed a vampire
  3804 | D:5      | Reached XP level 8. HP: 64/67 MP: 8/8
  4230 | D:5      | Reached skill level 5 in Fighting
  4230 | D:5      | Reached skill level 7 in Unarmed Combat
  4559 | D:6      | Reached skill level 8 in Unarmed Combat
  5214 | D:7      | Reached XP level 9. HP: 16/75 MP: 9/9
  5468 | D:7      | Reached skill level 9 in Unarmed Combat
  5513 | D:7      | Noticed Dowan
  5513 | D:7      | Noticed Duvessa
  5516 | D:7      | Noticed Jeremiah
  5540 | D:7      | Killed Dowan
  5544 | D:7      | Killed Jeremiah
  5545 | D:7      | Your ally Duvessa died
  5547 | D:7      | Noticed Joseph
  5553 | D:7      | Killed Joseph
  5554 | D:7      | Reached skill level 10 in Unarmed Combat
  6078 | D:7      | Found Patseg's Magic Scroll Boutique.
  6087 | D:7      | Bought a scroll of identify for 22 gold pieces
  6087 | D:7      | Bought a scroll of identify for 22 gold pieces
  6087 | D:7      | Bought a scroll of identify for 22 gold pieces
  6087 | D:7      | Bought a scroll of blinking for 82 gold pieces
  6087 | D:7      | Bought a scroll of revelation for 82 gold pieces
  6087 | D:7      | Bought a scroll of identify for 22 gold pieces
  6480 | D:7      | Reached XP level 10. HP: 25/83 MP: 10/10
  6933 | D:8      | Reached skill level 11 in Unarmed Combat
  7244 | D:8      | Found an iron altar of Okawaru.
  7439 | D:8      | Noticed Pikel
  7451 | D:8      | Killed Pikel
  7871 | D:9      | Noticed Erolcha
  7874 | D:9      | Reached skill level 12 in Unarmed Combat
  7878 | D:9      | Killed Erolcha
  8079 | D:9      | Found a staircase to the Orcish Mines.
  8345 | D:10     | Entered Level 10 of the Dungeon
  8392 | D:10     | Found a staircase to the Lair.
  8416 | D:10     | Reached skill level 5 in Armour
  8416 | D:10     | Reached XP level 11. HP: 61/97 MP: 11/11
  8756 | D:10     | Reached skill level 10 in Armour
  9215 | D:10     | Bought a scroll of immolation for 64 gold pieces
  9215 | D:10     | Bought a scroll of identify for 32 gold pieces
  9215 | D:10     | Bought a scroll of identify for 32 gold pieces
 10144 | D:11     | Noticed Erica
 10155 | D:11     | Reached skill level 13 in Unarmed Combat
 10166 | D:11     | Killed Erica
 10421 | D:11     | You fall into a shaft and drop 1 floor!
 10435 | D:12     | Found a gate leading to a gauntlet.
 10444 | Gauntlet | Entered a Gauntlet
 10444 | Gauntlet | Noticed a catoblepas
 10444 | Gauntlet | Found a transporter.
 10444 | Gauntlet | Found a transporter.
 10461 | Gauntlet | Found a transporter.
 10465 | Gauntlet | Found a transporter.
 10479 | Gauntlet | Found a transporter.
 10483 | Gauntlet | Noticed a catoblepas
 10489 | Gauntlet | Found a transporter.
 10506 | Gauntlet | Noticed a death scarab
 10506 | Gauntlet | Noticed a death scarab
 10510 | Gauntlet | Found a transporter.
 10515 | Gauntlet | Found a transporter.
 10519 | Gauntlet | Found a transporter.
 10519 | Gauntlet | Found a transporter.
 10528 | Gauntlet | Noticed a hell beast
 10529 | Gauntlet | Found a transporter.
 10533 | Gauntlet | Found a transporter.
 10562 | Gauntlet | Gained mutation: Potions are less effective at restoring
                  | your health. [a neqoxec]
 10595 | Gauntlet | Acquired a manual of Unarmed Combat
 10610 | Gauntlet | Lost mutation: Potions are less effective at restoring your
                  | health. [potion of mutation]
 10610 | Gauntlet | Gained mutation: You are strong-willed. (Will+) [potion of
                  | mutation]
 10610 | Gauntlet | Gained mutation: You are dopey. (Int -2) [potion of
                  | mutation]
 10610 | Gauntlet | Gained mutation: You possess an exceptional clarity of
                  | mind. [potion of mutation]
 10622 | Gauntlet | Killed a hell beast
 10623 | Gauntlet | Reached XP level 12. HP: 86/106 MP: 12/12
 10775 | Gauntlet | Killed a death scarab
 10776 | Gauntlet | Reached skill level 10 in Fighting
 10780 | Gauntlet | Killed a death scarab
 10781 | Gauntlet | Reached skill level 14 in Unarmed Combat
 10974 | Gauntlet | Identified the +4 short sword "Paemas" {heavy, Dex+4}
 10975 | Gauntlet | Identified the ring "Tucuq" {Fly Dex+4}
 10996 | Gauntlet | Identified the +8 mace of Pijitewn {freeze, rC- rCorr
                  | Int+8}
 10996 | Gauntlet | Noticed a minotaur
 11010 | Gauntlet | Killed a minotaur
 11199 | D:12     | Noticed a two-headed ogre
 11208 | D:12     | Killed a two-headed ogre
 11342 | D:11     | Reached skill level 15 in Unarmed Combat
 11586 | D:11     | Noticed a two-headed ogre
 11593 | D:11     | Killed a two-headed ogre
 11916 | Orc:1    | Entered Level 1 of the Orcish Mines
 12171 | Orc:1    | Reached skill level 16 in Unarmed Combat
 12408 | Orc:1    | Noticed an ettin
 12420 | Orc:1    | Killed an ettin
 12819 | Orc:1    | Reached skill level 17 in Unarmed Combat
 12980 | Orc:2    | Entered Level 2 of the Orcish Mines
 13274 | Orc:2    | Noticed a two-headed ogre
 13281 | Orc:2    | Killed a two-headed ogre
 13368 | Orc:2    | Reached XP level 13. HP: 98/116 MP: 13/13
 13985 | Orc:2    | Reached skill level 1 in Shields
 14364 | Orc:2    | Found Huvompui's General Store.
 14403 | Orc:2    | Bought a scroll of acquirement for 884 gold pieces
 14403 | Orc:2    | Bought a potion of invisibility for 136 gold pieces
 14403 | Orc:2    | Bought a potion of might for 68 gold pieces
 14404 | Orc:2    | Acquired a manual of Armour
 14589 | Orc:2    | Found Dukeupoa's Assorted Antiques.
 15225 | Orc:2    | Reached skill level 15 in Armour
 15527 | Orc:2    | Found a staircase to the Elven Halls.
 15569 | Orc:2    | Noticed an orc warlord
 15601 | Orc:2    | Killed an orc warlord
 16011 | Orc:2    | Found Orimyi's Antique Weapon Shop.
 16183 | Orc:2    | Found Acucw's Weapon Shoppe.
 16718 | Lair:1   | Entered Level 1 of the Lair of Beasts
 17163 | Lair:1   | Reached XP level 14. HP: 123/124 MP: 14/14
 17298 | Lair:1   | Noticed Urug
 17304 | Lair:1   | Killed Urug
 17319 | Lair:1   | Found a snail-covered altar of Cheibriados.
 17460 | Lair:1   | Noticed Nergalle
 17460 | Lair:1   | Noticed Gastronok
 17475 | Lair:1   | Killed Nergalle
 17496 | Lair:1   | Killed Gastronok
 18024 | Lair:2   | Found a staircase to the Snake Pit.
 18185 | Lair:2   | You fall into a shaft and drop 1 floor!
 18574 | Lair:2   | Found a staircase to the Shoals.
 19681 | Lair:4   | Found a blossoming altar of Fedhas.
 19790 | Lair:4   | Found a transporter.
 19790 | Lair:4   | Noticed Nazxanog's ghost (journeyman MiFi)
 19984 | Lair:4   | Found a transporter.
 20828 | Lair:4   | Reached skill level 18 in Unarmed Combat
 21372 | Lair:4   | Reached XP level 15. HP: 99/136 MP: 15/15
 21624 | Lair:1   | Bought masterwork gold dragon scales for 2040 gold pieces
 21624 | Lair:1   | Identified the +3 gold dragon scales of the Raven {rPois
                  | rF+ rC+ Slay+2 Stlth+} (You bought it in a shop on level 1
                  | of the Lair of Beasts)
 21710 | Lair:5   | Entered Level 5 of the Lair of Beasts
 21802 | Lair:5   | Noticed Nessos
 21810 | Lair:5   | Killed Nessos
 22154 | Lair:5   | Found a viscous altar of Jiyva.
 22154 | Lair:5   | Found a staircase to the Slime Pits.
 23172 | Lair:5   | Reached skill level 15 in Fighting
 23510 | Lair:5   | Identified the +9 flail of the Impish God {flame, Str+4}
 24178 | Snake:1  | Entered Level 1 of the Snake Pit
 24231 | Snake:1  | Reached skill level 19 in Unarmed Combat
 24270 | Snake:1  | Reached XP level 16. HP: 52/151 MP: 3/16
 24622 | Snake:1  | Reached skill level 5 in Shields
 24707 | Snake:1  | Found Yahweh's Dragon-Slaying Spoils.
 24847 | Snake:1  | Found a bloodstained altar of Trog.
 26051 | Snake:2  | Found a runed translucent door.
 26055 | Snake:2  | Noticed Gyruhu's ghost (adept TrSh)
 26153 | Snake:2  | Noticed Frances
 26166 | Snake:2  | Killed Frances
 26296 | Snake:2  | Reached skill level 10 in Shields
 26505 | Snake:3  | Bought a pair of glowing gloves for 202 gold pieces
 26505 | Snake:3  | Bought a brightly glowing cloak for 256 gold pieces
 26505 | Snake:3  | Identified the +0 cloak "Nufov" {rF+ rN+ Dex-4 SInv} (You
                  | bought it in a shop on level 3 of the Snake Pit)
 26505 | Snake:3  | Bought a faintly humming helmet for 256 gold pieces
 26505 | Snake:3  | Identified the +1 helmet of Ravioli {rC+ Str+4 Int-3} (You
                  | bought it in a shop on level 3 of the Snake Pit)
 26583 | Snake:3  | Found Hip Juk's Distillery.
 26583 | Snake:3  | Found Emytrot's Antique Armour Emporium.
 27542 | Snake:4  | Entered Level 4 of the Snake Pit
 28416 | Snake:4  | Reached XP level 17. HP: 138/158 MP: 17/17
 28807 | Snake:4  | Noticed Vashnia
 28825 | Snake:4  | Reached skill level 15 in Shields
 28872 | Snake:4  | Killed Vashnia
 29346 | Snake:4  | Got a serpentine rune of Zot
 29806 | Shoals:1 | Entered Level 1 of the Shoals
 29807 | Shoals:1 | Found Zecvaump's Antique Weapon Shoppe.
 30329 | Shoals:1 | You are sucked into a shaft and drop 1 floor!
 31785 | Shoals:4 | Entered Level 4 of the Shoals
 31800 | Shoals:4 | Reached skill level 20 in Unarmed Combat
 31931 | Abyss:2  | Cast into level 2 of the Abyss (merfolk javelineer)
 31937 | Abyss:2  | Found a corrupted altar of Lugonu.
 32124 | Abyss:2  | Reached XP level 18. HP: 145/169 MP: 18/18
 32376 | Abyss:3  | Found a corrupted altar of Lugonu.
 32729 | Shoals:4 | Escaped the Abyss
 33326 | Shoals:4 | Got a barnacled rune of Zot
 33930 | Elf:1    | Entered Level 1 of the Elven Halls
 33964 | Elf:1    | Found a radiant altar of Vehumet.
 34104 | Elf:1    | Found Qaxirioc's Magic Scroll Shop.
 34112 | Elf:1    | Bought a scroll of fear for 72 gold pieces
 34112 | Elf:1    | Bought a scroll of fear for 72 gold pieces
 34114 | Elf:1    | Bought a pair of embroidered gloves for 135 gold pieces
 34183 | Elf:1    | Found Burrur's Firing Range.
 34334 | Elf:1    | Got the Compendium of Rallying
 34845 | Elf:2    | Paralysed by an air elemental for 1 turns
 34852 | Elf:2    | Paralysed by an air elemental for 1 turns
 34856 | Elf:1    | Paralysed by an air elemental for 1 turns
 34976 | Elf:2    | Reached skill level 21 in Unarmed Combat
 35020 | Elf:2    | Noticed Azrael
 35056 | Elf:2    | Killed Azrael
 35342 | Elf:2    | Found Zixodgh's Armour Shoppe.
 35454 | Elf:2    | Paralysed by an air elemental for 1 turns
 35546 | Elf:2    | Found Bounnic's Antique Weapon Boutique.
 35698 | Elf:2    | Found a runed translucent gate.
 35698 | Elf:2    | Found a runed translucent gate.
 35698 | Elf:2    | Found a runed translucent gate.
 35859 | Elf:3    | Entered Level 3 of the Elven Halls
 36163 | Elf:3    | Noticed Nikola
 36170 | Elf:3    | Killed Nikola
 36171 | Elf:3    | Reached XP level 19. HP: 144/181 MP: 19/19
 36507 | Elf:3    | Noticed a Brimstone Fiend
 37055 | Elf:3    | Identified the staff "Grim Tooth" {*Slow rPois rC++ Stlth+
                  | Fire Poison}
 37066 | Elf:3    | Identified the ring of the Final Decision {Drain +Blink
                  | rCorr EV+5 Str+4}
 37137 | Elf:3    | Identified the ring "Utulenem" {+Blink rF+ rN+ Dex+3}
 37146 | Elf:3    | Got the Handbook of Bedrock and Transportation
 37202 | Elf:3    | Got the Guidebook on Feculent Algor
 37216 | Elf:3    | Identified the +0 hand cannon of the Rescuing Big Fish
                  | {heavy, Dex+3}
 38387 | D:14     | Noticed Rupert
 38425 | D:14     | Killed Rupert
 38729 | D:14     | Reached skill level 22 in Unarmed Combat
 38735 | D:14     | Found a gate to the Vaults.
 38818 | Vaults:1 | Entered Level 1 of the Vaults
 39256 | Vaults:1 | Found Adiub's Magic Scroll Boutique.
 39909 | Vaults:1 | Noticed Norris
 39924 | Vaults:1 | Killed Norris
 40113 | Vaults:1 | Reached XP level 20. HP: 174/193 MP: 20/20
 40395 | Vaults:2 | Found Jeomism's Assorted Antiques.
 40764 | Vaults:2 | Noticed Boris
 40774 | Vaults:2 | Killed Boris
 41306 | Vaults:2 | Reached skill level 23 in Unarmed Combat
 42621 | Vaults:3 | Noticed Mara
 42626 | Vaults:3 | Noticed DevouringOne's illusion
 42637 | Vaults:3 | Killed Mara
 43081 | Vaults:3 | Found a staircase to the Crypt.
 43527 | Vaults:4 | Reached XP level 21. HP: 180/205 MP: 21/21
 43787 | Vaults:4 | Found a flickering gateway to a bazaar.
 43801 | Bazaar   | Entered a bazaar
 43801 | Bazaar   | Found Uwycwog's General Store.
 43801 | Bazaar   | Found Wuregh's General Store.
 43816 | Bazaar   | Bought a wand of digging (6) for 327 gold pieces
 43825 | Bazaar   | Found Emeevaq's Antique Armour Boutique.
 43834 | Bazaar   | Bought a smoking cloak for 256 gold pieces
 43834 | Bazaar   | Identified the +1 cloak of Hairiness {rF+ Str+3} (You
                  | bought it in a shop in a bazaar)
 43842 | Bazaar   | Found Byipis's Antique Armour Boutique.
 44290 | Vaults:4 | Reached skill level 24 in Unarmed Combat
 44587 | Vaults:5 | Entered Level 5 of the Vaults
 44601 | Vaults:5 | Noticed a dread lich
 44627 | Vaults:5 | Identified the +10 sling of Dawn {heavy, Fly rF- Int+3
                  | Dex+5}
 44633 | Vaults:5 | Killed a dread lich
 44902 | Vaults:5 | Gained mutation: Your flesh is heat resistant. (rF+) [a
                  | shining eye]
 45064 | Vaults:5 | Identified the ring "Tuts" {rF+ Str+4}
 45300 | Vaults:5 | Identified the +6 battleaxe "Hiannog" {flame, Contam rF+
                  | Dex+4 Stlth+}
 45300 | Vaults:5 | Identified the ring "Gamuk" {Fire Fly rCorr Str+3 Dex+2}
 45438 | Vaults:5 | Got a silver rune of Zot
 45465 | Vaults:5 | Identified the +0 falchion of Absolution {heavy, Str+3
                  | Int+4 Dex+3}
 45533 | Vaults:5 | Identified the +2 mace "Memaummi" {holy, Dex+4}
 45584 | Vaults:5 | Identified the ring "Foaw" {Wiz rF+ rC+ rN+ Dex+3}
 45643 | Vaults:5 | Reached XP level 22. HP: 206/217 MP: 22/22
 45771 | Vaults:5 | Reached skill level 25 in Unarmed Combat
 45774 | Vaults:5 | Identified the +3 falchion "Plog" {freeze, Str+4 Int+3}
 46024 | Vaults:5 | Identified the +11 trident "Zoucaxt" {freeze, Str+3 Int+2}
 46845 | D:15     | Entered Level 15 of the Dungeon
 47035 | D:15     | Found a staircase to the Depths.
 47175 | Depths:1 | Entered Level 1 of the Depths
 47179 | Depths:1 | Noticed the Enchantress
 47211 | Depths:1 | Killed the Enchantress
 47638 | Depths:3 | Noticed a golden dragon
 47639 | Depths:3 | Identified the +12 short sword "Xaataunu" {drain, Int+2}
 47648 | Depths:3 | Killed a golden dragon
 47655 | Depths:3 | Noticed a caustic shrike
 47657 | Depths:3 | Noticed a golden dragon
 47664 | Depths:3 | Killed a caustic shrike
 47681 | Depths:3 | Killed a golden dragon
 47984 | Depths:4 | Entered Level 4 of the Depths
 48014 | Depths:4 | Noticed a golden dragon
 48019 | Depths:4 | Killed a golden dragon
 48069 | Depths:4 | Reached skill level 26 in Unarmed Combat
 48083 | Depths:4 | Reached XP level 23. HP: 177/229 MP: 23/23
 48353 | Depths:4 | Found a gateway to Hell.
 48818 | Depths:4 | Found a gate to the Realm of Zot.
 48850 | Zot:1    | Entered Level 1 of the Realm of Zot
 49303 | Zot:1    | Found a runed translucent door.
 49304 | Zot:1    | Noticed Gusador's ghost (legendary MiFi)
 49983 | Zot:4    | Identified the ring of Joy {rC- rCorr AC+4 Str+3}
 50002 | Zot:5    | Entered Level 5 of the Realm of Zot
 50598 | Zot:5    | Reached XP level 24. HP: 199/239 MP: 23/23
 50689 | Zot:5    | Noticed an ancient lich
 50690 | Zot:5    | Noticed an orb of fire
 50691 | Zot:5    | Noticed an orb of fire
 50704 | Zot:5    | Noticed an orb of fire
 50712 | Zot:5    | Noticed a Killer Klown
 50750 | Zot:5    | Noticed a Killer Klown
 50825 | Zot:5    | Noticed an orb of fire
 50825 | Zot:5    | Killed a Killer Klown
 50827 | Zot:5    | Noticed an orb of fire
 50828 | Zot:5    | Noticed a Killer Klown
 50830 | Zot:5    | Noticed an orb of fire
 50832 | Zot:5    | Noticed an orb of fire
 50834 | Zot:5    | Noticed an orb of fire
 50838 | Zot:5    | Gained mutation: You occasionally lose the ability to read
                  | scrolls when taking damage. [an orb of fire]
 50840 | Zot:5    | Killed an orb of fire
 50842 | Zot:5    | Killed an ancient lich
 50845 | Zot:5    | Killed a Killer Klown
 50850 | Zot:5    | Killed an orb of fire
 50863 | Zot:5    | Killed an orb of fire
 50873 | Zot:5    | Killed an orb of fire
 50875 | Zot:5    | Gained mutation: Your magical capacity is low. (-10% MP)
                  | [an orb of fire]
 50905 | Zot:5    | Killed an orb of fire
 50913 | Zot:5    | Got the Orb of Zot
 51054 | Zot:3    | Noticed Metist the pandemonium lord
 51063 | Zot:3    | Killed Metist the pandemonium lord
 51089 | Zot:3    | Noticed Ilettoucw the pandemonium lord
 51093 | Zot:3    | Killed Ilettoucw the pandemonium lord
 51143 | Zot:1    | Lost mutation: Your magical capacity is low. (-10% MP)
                  | [potion of mutation]
 51143 | Zot:1    | Lost mutation: You are dopey. (Int -2) [potion of mutation]
 51143 | Zot:1    | Lost mutation: You are strong-willed. (Will+) [potion of
                  | mutation]
 51143 | Zot:1    | Lost mutation: You possess an exceptional clarity of mind.
                  | [potion of mutation]
 51143 | Zot:1    | Lost mutation: You occasionally lose the ability to read
                  | scrolls when taking damage. [potion of mutation]
 51143 | Zot:1    | Lost mutation: Your flesh is heat resistant. (rF+) [potion
                  | of mutation]
 51143 | Zot:1    | Gained mutation: You are clumsy. (Dex -2) [potion of
                  | mutation]
 51143 | Zot:1    | Gained mutation: You have hidden genetic potential. [potion
                  | of mutation]
 51143 | Zot:1    | Gained mutation: You are partially covered in iridescent
                  | scales. (AC +2) [potion of mutation]
 51236 | Depths:3 | Noticed Haeph the pandemonium lord
 51648 | D:$      | Escaped with the Orb!

Illustrated notes

Levels and vault maps discovered:
D:1:      mrwooster_arrival_arrow, layout_loops_ring,
          hellmonk_ecumenical_altar_zigzags, minmay_pentomino_t4
D:2:      layout_loops_ring, basic_altar
D:3:      layout_rooms
D:4:      layout_loops_cross, dreamdust_divine_triumvirate,
          gammafunk_ghost_smash, uniq_crazy_yiuf_cottage, uniq_ijyb
D:5:      layout_loops_corners, gammafunk_temple_of_torment, temple_doors_e,
          roderic_filled_cross
D:6:      layout_loops_ring
D:7:      layout_basic, serial_shops, shop, nicolae_elevator_lobby_plus,
          uniq_joseph, uniq_duvessa, uniq_jeremiah
D:8:      layout_rooms, lemuel_round_altar, uniq_pikel
D:9:      layout_basic, david_orc_4, uniq_erolcha
D:10:     layout_roguey, minmay_lair_entry_grove
D:11:     layout_rooms, serial_library, serial_library_hellmonk_octagon,
          serial_library_hellmonk_layered_room,
          serial_library_hellmonk_hallway_a,
          serial_library_regret_index_split_case, uniq_erica
D:12:     layout_stronghold, gauntlet_entry_generic, amcnicky_mini_pool_small
D:13:     layout_grid_maze
D:14:     layout_basic, david_vaults_2, chequers_big_river, uniq_rupert
D:15:     hangedman_depths_entry_try_elsewhere_first, layout_rooms,
          kennysheep_pointless_box, uniq_roxanne
Temple:   nicolae_temple_x_marks_the_god
Lair:1:   layout_regular_city, kennysheep_snail_temple, grunt_megastairs_2,
          uniq_nergalle, uniq_gastronok, uniq_urug
Lair:2:   layout_misc_corridors, mainiacjoe_shoals_entry_four_pools,
          minmay_snake_entry_guardpost_small, grunt_megastairs_4
Lair:3:   layout_roguey, grunt_megastairs_3
Lair:4:   nzn_winding_woodlands_medium [nzn_winding_woodlands_5x5_default,
          nzn_winding_woodlands_5x15_split_checker,
          nzn_winding_woodlands_5x5_default, nzn_winding_woodlands_5x5_cross,
          nzn_winding_woodlands_center_lodge,
          nzn_winding_woodlands_5x5_open_star,
          nzn_winding_woodlands_5x5_checkerboard,
          nzn_winding_woodlands_5x15_sidewinder,
          nzn_winding_woodlands_5x5_perimeter], layout_gridlike,
          gammafunk_ghost_arena, hangedman_tree_tricks
Lair:5:   guppyfry_lair_end_dragon, layout_gridlike,
          hangedman_lair_caniforms_friends, minmay_slime_entry_pillars,
          nicolae_lair_grazing_beasts [nicolae_sub_lair_graze_edge,
          nicolae_sub_lair_graze_edge, nicolae_sub_lair_graze_edge,
          nicolae_sub_lair_graze_edge], uniq_nessos
Shoals:1: layout_shoals, serial_shops, shop, nicolae_shoals_lost_giant_hut,
          nicolae_tricolors
Shoals:2: layout_shoals, nicolae_shoals_seven_spires
Shoals:3: nzn_motion_control, layout_shoals,
          nicolae_shoals_stone_sculpture_thing
Shoals:4: shoals_end_grunt_ice, layout_shoals,
          nicolae_shoals_arrival_archipelago
Snake:1:  layout_concentric_octagons, basic_altar, grunt_ministairs_9,
          nicolae_shop_dragon_depot
Snake:2:  layout_gridlike, ebering_ghost_reflecting_pool, uniq_frances
Snake:3:  layout_grid_maze, nicolae_snake_lava_pool, minmay_shoptagon
Snake:4:  johnstein_snake_rune_scales, layout_basic, grunt_megastairs_5
Orc:1:    lemuel_ogre_cave, layout_diamond_mine
Orc:2:    pubby_orc_utopia
Elf:1:    eino_elf_arrival_altar, layout_geoelf_grid, serial_shops, shop,
          minmay_elf_demonology, nicolae_shop_firing_range,
          lemuel_upstairs_altar
Elf:2:    nicolae_elf_blades_splatter_lattice
          [nicolae_blade_entry_floor_patterns], layout_loops_cross,
          serial_shops, shop, minmay_shop_star, uniq_azrael
Elf:3:    minmay_elf_hall_quartered_circle, layout_gridlike,
          hangedman_decor_cross_pass, uniq_nikola
Vaults:1: mu_enter_wizlab_6, v_rooms_3, vaults_mumra_minichess,
          hangedman_vaults_impose, nicolae_vaults_network_star,
          ontoclasm_vaults_ring_small, vaults_room_fancy_cross,
          grunt_vaults_hallway_long, grunt_vaults_focal, v_misc_13,
          hangedman_vaults_hat, grunt_vaults_hallway_long, serial_ice_h,
          dpeg_vaults_monster_box, nicolae_vaults_weapon_check,
          layout_vaults_omnibox, serial_shops, nicolae_square_shop, uniq_norris
Vaults:2: hangedman_vaults_stagger, nicolae_vaults_closet_pinwheel_5, v_rooms_4,
          vaults_dpeg_encased_lava, layout_vaults_omnigrid, serial_shops,
          nicolae_shop_hallway_stairs, uniq_boris
Vaults:3: nicolae_vaults_variable_pillar_hall, hangedman_vaults_pinch,
          blue_anna_dwarven_crypt, nicolae_vaults_little_squares_5,
          nicolae_vaults_diamond_1, dpeg_vaults_hating_casters,
          nicolae_vaults_specimen_jars, minmay_orc_keep,
          nicolae_vaults_storage_closets_1, v_misc_29, hangedman_vaults_snaps,
          v_misc_3, layout_vaults_ring, uniq_mara
Vaults:4: vaults_mumra_lcd, nicolae_vaults_more_shelving_1,
          ontoclasm_vaults_eye, v_misc_4, ontoclasm_vaults_bender,
          hangedman_vaults_unwind, v_misc_10, ontoclasm_vaults_ligature,
          v_alt_pattern_2, nicolae_vaults_little_squares_4,
          nicolae_vaults_tetromino_L_1, nicolae_vaults_cochlea,
          layout_vaults_omnicross, serial_shops, bzr_entry_water
Vaults:5
Depths:1: layout_gridlike, grunt_decor_fettered, pf_vacation_house_of_asmodeus,
          corexii_hall_statues_x, minivault_14, grunt_gozag_statues,
          uniq_saint_roka, uniq_enchantress
Depths:2: kennysheep_treasure_stockpile, layout_cave_shapes, serial_shops,
          nicolae_shop_scrapyard, rand_demon_pan_entry_3, hell_entry,
          nicolae_kikubaaqudgha_miasma_corner, minmay_shop_grove,
          serial_bayou_shore_b, minmay_staircase_statues
Depths:3: minmay_the_grid_square_5x5_4x4_mashed
          [minmay_the_grid_square_5x5_three_walls,
          minmay_the_grid_square_5x5_almost_minimal,
          minmay_the_grid_square_5x5_six_small, minmay_the_grid_square_5x5_six,
          minmay_the_grid_square_5x5_inset,
          minmay_the_grid_square_5x5_prize_open,
          minmay_the_grid_square_5x5_prize_monsterx,
          minmay_the_grid_square_5x5_hollow_slash,
          minmay_the_grid_square_5x5_spiral_small,
          minmay_the_grid_square_5x5_prize_itemx,
          minmay_the_grid_square_5x5_prize_open,
          minmay_the_grid_square_5x5_seven, minmay_the_grid_square_5x5_two,
          minmay_the_grid_square_5x5_longway, minmay_the_grid_square_5x5_eight,
          minmay_the_grid_square_5x5_inner_z], layout_gridlike,
          enter_ziggurat_c, hell_entry, serial_bayou, serial_bayou_pond_e,
          serial_bayou_crossing, serial_bayou_lagoon_a, abyss_entry,
          minmay_staircase_bubble
Depths:4: evilmike_zot_entry_basic, layout_honeycomb, abyss_entry,
          hangedman_coc_ice_floe, grunt_pan_entry_sceptre,
          infiniplex_staircase_pool_lava, minmay_alternating_orb
Zot:1:    layout_gridlike, ebering_ghost_reflecting_pool
Zot:2:    grunt_deathspiral_small, layout_concentric_octagons
Zot:3:    layout_misc_corridors, hangedman_snake_sidewinding
Zot:4:    layout_basic, st_stairs_3, st_small_dragon_hoard_5, grunt_megastairs_1
Zot:5:    layout_misc_corridors

Skill      XL: |  1  2  3  4  5  6  7  8  9 10 11 12 13 14 15 16 17 18 19 20 21 22 23 24 |
---------------+-------------------------------------------------------------------------+-----
Fighting       | 1 2 3 4 6 7 9 11 13 15 17 18 20 21 22 24 | 24.5
Unarmed Combat | 1 2 3 4 5 6 8 10 12 13 17 18 19 20 21 22 23 24 26 | 26.4
Armour         | 5 12 19 21 | 21.7
Shields        | 4 13 15 19 22 | 22.1
Dodging        | |  0.6
Stealth        | |  1.1
Evocations     | |  3.0

Action                     |  1- 3 |  4- 6 |  7- 9 | 10-12 | 13-15 | 16-18 | 19-21 | 22-24 || total
---------------------------+-------+-------+-------+-------+-------+-------+-------+-------++-------
  Melee: Club              |    58 |       |       |       |       |       |       |       ||    58
         Tailslap          |    15 |    18 |    40 |    93 |   308 |   376 |   360 |   248 ||  1458
         Unarmed           |    73 |   183 |   258 |   676 |  1636 |  1864 |  1546 |  1044 ||  7280
         Punch             |       |    11 |    13 |    18 |       |       |       |       ||    42
 Invoke: Call Merchant     |       |       |       |     2 |     1 |     3 |       |     1 ||     7
         Potion Petition   |       |       |       |     2 |       |     2 |     2 |     1 ||     7
         Bribe Branch      |       |       |       |       |       |       |       |     2 ||     2
  Evoke: Wand              |     8 |    17 |    19 |     9 |     4 |     3 |     5 |     4 ||    69
         Box of beasts     |       |       |       |     1 |     2 |     1 |     2 |       ||     6
         Lightning rod     |       |       |       |       |     6 |     2 |       |     9 ||    17
    Use: Scroll            |     3 |     4 |     6 |    16 |    12 |    16 |     9 |    16 ||    82
         Potion            |       |       |       |    12 |     3 |     9 |     4 |    10 ||    38
   Stab: Sleeping          |     4 |       |       |       |       |       |       |       ||     4
         Invisible         |       |       |       |     8 |    11 |       |       |       ||    19
         Distracted        |       |       |       |     3 |     9 |    16 |    12 |    17 ||    57
         Paralysed         |       |       |       |     2 |     3 |       |     2 |       ||     7
         Petrified         |       |       |       |       |       |     4 |       |       ||     4
         Petrifying        |       |       |       |       |       |     1 |       |       ||     1
 Armour: Leather armour    |    98 |       |       |       |       |       |       |       ||    98
         Chain mail        |    20 |   174 |   208 |   526 |   711 |       |       |       ||  1639
         Skin              |       |       |       |   104 |       |       |       |       ||   104
         Gold dragon scale |       |       |       |       |   583 |  1340 |   749 |   623 ||  3295
  Dodge: Dodged            |    88 |    63 |    54 |   185 |   448 |   262 |   198 |   106 ||  1404
  Block: Buckler           |       |       |       |    73 |   284 |     1 |       |       ||   358
         Kite shield       |       |       |       |       |       |   888 |   993 |   597 ||  2478
         Reflection        |       |       |       |       |       |       |    90 |    18 ||   108

Table legend: (Time is in decaauts)
 A = Elapsed time spent in this place.
 B = Non-inter-level travel time spent in this place.
 C = Inter-level travel time spent in this place.
 D = Time resting spent in this place.
 E = Time spent auto-exploring this place.
 F = Levels seen in this place.
 G = Mean time per level.
                   A        B        C        D        E       F      G
               +--------+--------+--------+--------+--------+-----+--------+
         Total |  49397 |  44933 |   4464 |   4055 |  30363 |  52 |  949.9 |
       Dungeon |  13485 |  12300 |   1185 |   1105 |   8947 |  15 |  899.0 |
        Temple |      8 |      2 |      6 |      0 |      0 |   1 |    8.0 |
          Lair |   7362 |   6882 |    480 |    176 |   5284 |   5 | 1472.4 |
        Shoals |   2966 |   2193 |    773 |    258 |   1222 |   4 |  741.5 |
     Snake Pit |   5157 |   4927 |    230 |    352 |   3250 |   4 | 1289.2 |
  Orcish Mines |   4698 |   4330 |    368 |    379 |   3111 |   2 | 2349.0 |
   Elven Halls |   3279 |   3041 |    238 |    657 |   1715 |   3 | 1093.0 |
        Vaults |   7370 |   6870 |    500 |    206 |   5011 |   5 | 1474.0 |
        Depths |   1724 |   1518 |    206 |    295 |    704 |   4 |  431.0 |
           Zot |   1818 |   1343 |    475 |      2 |    780 |   5 |  363.6 |
         Abyss |    734 |    734 |      0 |    338 |     12 |   2 |  367.0 |
        Bazaar |     66 |     66 |      0 |      0 |     42 |   1 |   66.0 |
      Gauntlet |    725 |    725 |      0 |    283 |    285 |   1 |  725.0 |
               +--------+--------+--------+--------+--------+-----+--------+

Top non-repeatable levels by time:
   Orc:2: 3240 daAuts
  Lair:5: 2247 daAuts
Vaults:5: 1893 daAuts
  Lair:4: 1849 daAuts
 Snake:3: 1746 daAuts
Vaults:3: 1569 daAuts
     D:7: 1466 daAuts
   Orc:1: 1457 daAuts
 Snake:4: 1456 daAuts
Vaults:2: 1415 daAuts
     D:5: 1414 daAuts
    D:10: 1404 daAuts
  Lair:2: 1364 daAuts
   Elf:3: 1358 daAuts
Vaults:1: 1330 daAuts
